Map: 2000 Atmospheres LE

Players

qqq

  • Race: Zerg Zerg

Massa

  • Race: Terran Terran
  • League: Platinum

VOD

Have the link to the VOD?

Description

Time

  • Played on: April 28, 2021, 1:02 p.m.
  • Length: 10:28
Show
View Real Time Build Order
Export as new Build Order

qqq Zerg 

Build Orders: Hatch First 

Get SALT Encoding   

  1  0:00  Lair  
    0:26  Overlord  
    0:32  Drone x12  
    0:47  Drone  
  13  0:57  Overlord  
  13  1:02  Drone  
  14  1:18  Drone  
  15  1:31  Hatchery  
  14  1:37  Drone  
  14  1:38  Drone  
  16  1:44  Extractor  
  15  1:49  Drone  
  15  1:50  Drone  
  17  2:06  Spawning Pool  
  16  2:11  Drone  
  16  2:12  Drone  
  18  2:22  Drone  
  19  2:32  Drone  
  20  2:52  Hatchery  
  20  2:53  Drone  
  20  2:56  Drone  
  21  2:58  Queen  
  21  3:05  Drone  
  24  3:06  Drone  
  25  3:16  Overlord  
  25  3:17  Metabolic Boost  
  25  3:30  Queen  
  25  3:33  Drone  
  28  3:35  Drone x2  
  28  3:37  Drone  
  28  3:40  Drone  
  32  3:55  Queen  
  32  3:59  Zergling x2  
  32  4:00  Zergling x2  
  36  4:04  Queen  
  36  4:05  Overlord  
  38  4:18  Queen  
  40  4:30  Hatchery  
  39  4:39  Drone x2  
  39  4:42  Extractor  
  40  4:48  Extractor  
  39  4:54  Drone  
  39  4:55  Drone x4  
  44  5:13  Extractor  
  43  5:21  Drone x2  
  45  5:23  Drone x3  
  48  5:47  Lair  
  48  5:54  Drone x4  
  48  5:55  Drone x2  
  48  5:56  Drone, Zergling x2  
  48  5:57  Overlord x5  
  56  6:06  Roach Warren  
  56  6:10  Drone  
  56  6:14  Queen x3  
  62  6:32  Drone  
  63  6:33  Drone  
  63  6:36  Drone x2, Zergling x6  
  63  6:37  Zergling x4  
  63  6:39  Extractor  
  70  6:50  Queen  
  72  7:06  Roach x3  
  72  7:07  Roach x6  
  72  7:08  Glial Reconstitution  
  90  7:11  Overseer x2  
  90  7:12  Overseer  
  90  7:22  Pneumatized Carapace  
  90  7:24  Roach x2  
  90  7:25  Roach  
  90  7:26  Overlord x4  
  90  7:27  Overlord x2  
  96  7:54  Roach x3  
  96  7:55  Roach x4  
  96  7:56  Zergling x10  
  115  7:58  Overlord  
  115  7:59  Overlord  
  115  8:18  Queen x3  
  115  8:19  Queen  
  123  8:23  Roach  
  123  8:24  Roach  
  123  8:26  Roach  
  129  8:33  Zergling x6  
  129  8:34  Zergling x4  
  134  8:37  Ravager x2  
  134  8:38  Ravager x4  
  134  8:39  Ravager  
  134  8:40  Ravager  
  142  8:42  Drone  
  142  8:43  Drone  
  144  8:54  Queen  
  81  9:32  Roach x4  
  81  9:33  Roach x7  
  102  9:40  Drone  
  91  10:06  Zergling x12  
  96  10:07  Zergling x12  
Show
View Real Time Build Order
Export as new Build Order

Massa Terran 

Build Orders:  

Get SALT Encoding   

    0:19  Orbital Command  
    0:32  SCV x12  
    0:46  SCV  
  13  0:58  SCV  
  13  1:02  Supply Depot  
  14  1:10  SCV  
  15  1:24  SCV  
  16  1:25  Barracks  
  16  1:29  Refinery  
  16  1:36  SCV  
  17  1:48  SCV  
  18  2:00  SCV  
  19  2:12  SCV  
  19  2:15  Reaper  
  21  2:24  Orbital Command  
  21  2:28  Command Center  
  21  2:37  Supply Depot  
  21  2:47  Marine  
  21  2:49  SCV  
  23  2:52  Factory  
  23  3:02  SCV  
  24  3:07  Bunker  
  24  3:13  Barracks Reactor  
  24  3:14  SCV  
  24  3:18  Refinery  
  25  3:26  SCV  
  26  3:36  Hellion  
  28  3:45  Starport  
  28  3:49  Orbital Command  
  28  3:51  SCV  
  28  3:53  Marine x2  
  31  3:58  Widow Mine  
  33  4:03  SCV  
  34  4:10  Marine  
  34  4:11  Marine  
  34  4:15  SCV  
  37  4:18  Supply Depot  
  37  4:19  SCV  
  38  4:24  Medivac, Supply Depot  
  38  4:26  Factory Tech Lab  
  38  4:27  SCV  
  38  4:29  Marine x2  
  43  4:44  Siege Tank  
  46  4:47  Marine x2  
  48  4:54  Starport Tech Lab  
  48  5:05  Marine x2  
  50  5:09  Command Center  
  50  5:17  Raven  
  52  5:27  Barracks  
  52  5:30  Barracks  
  50  5:43  Siege Tank  
  50  5:44  Marine x2  
  50  5:48  SCV x2  
  57  5:57  Engineering Bay  
  57  6:00  SCV x2  
  57  6:01  Refinery  
  57  6:02  Refinery, Marine x2  
  61  6:14  Starport Reactor  
  61  6:18  Barracks Tech Lab  
  61  6:21  Marine x2, Siege Tank  
  61  6:23  SCV x2  
  68  6:35  SCV x2  
  68  6:39  Supply Depot  
  70  6:41  Supply Depot x2  
  70  6:43  Stimpack  
  70  6:44  Barracks  
  70  6:45  Barracks  
  70  6:49  Orbital Command  
  70  6:53  Combat Shield  
  70  7:03  Siege Tank  
  70  7:04  Supply Depot  
  70  7:05  Marauder, Marine x2  
  70  7:06  Marauder, Supply Depot  
  79  7:13  SCV x2  
  81  7:16  Terran Infantry Weapons Level 1  
  81  7:21  Engineering Bay  
  81  7:23  Marine  
  81  7:25  SCV x2  
  81  7:26  Medivac x2  
  88  7:30  SCV  
  89  7:37  SCV x2  
  89  7:38  Supply Depot  
  89  7:41  Barracks Reactor, Barracks Tech Lab  
  89  7:42  Marine  
  89  7:43  Marauder, Marine  
  95  7:48  SCV  
  95  7:49  SCV x2  
  98  8:01  SCV  
  99  8:08  Siege Tank  
  99  8:10  Marauder x3, Marine x2  
  99  8:12  SCV x2  
  112  8:15  Medivac  
  112  8:18  Terran Infantry Armor Level 1  
  114  8:27  Refinery, SCV x2  
  114  8:28  Refinery, SCV, Marine x2  
  114  8:30  Armory  
  114  8:31  Marauder x2  
  114  8:34  Concussive Shells  
  123  8:35  Marauder  
  125  8:56  SCV, Marine  
  125  8:57  SCV  
  125  8:58  Marine  
  93  9:16  Marauder x3, Marine x2  
  86  9:22  Marine x2  
  80  9:26  Medivac x2  
  76  9:34  Marine x2  
  76  9:37  Marauder x3, Siege Tank  
  83  9:39  Marine  
  83  9:40  Marine  
  83  9:52  Marine  
  83  9:55  Marine  
  83  9:57  Marine  
  83  9:58  Marauder, Marine  
  83  9:59  Marauder x2  
  87  10:09  Marine  
Tags
 
Add a new tag
Caveats
  • Supply blocks, unpowered buildings, or Contaminate may cause inaccurate times.
  • Supply counts are checked every 10 seconds.